 Dungeon Crawl Stone Soup version 0.30.1-4-g462c640d31 (webtiles) character file.

Game seed: 7646032937794455772

100 Kurtz the Chopper (level 4, 0/26 HPs)
             Began as a Tengu Gladiator on Sept 15, 2023.
             Succumbed to an adder's poison
             ... on level 3 of the Dungeon.
             The game lasted 00:02:39 (2083 turns).

Kurtz the Chopper (Tengu Gladiator)                 Turns: 2083, Time: 00:02:39

Health: 0/26       AC:  3    Str: 16    XL:     4   Next: 74%
Magic:  14/14      EV: 12    Int:  9    God:
Gold:   182        SH:  0    Dex: 15    Spells: 3/3 levels left

rFire   . . .        a - +0 war axe
rCold   . . .        (no shield)
rNeg    . . .        b - +0 leather armour
rPois   .            c - +0 hat
rElec   .            q - scarf {+Inv}
rCorr   .            (no gloves)
SInv    .            (boots unavailable)
Will    .....        p - amulet of the acrobat
Stlth   +            h - ring of magical power
HPRegen 0.24/turn    (no ring)
MPRegen 0.14/turn

%: acrobat
@: brilliant, lethally poisoned (0 -> -2), hasted, very quick
A: beak, talons 3
a: Evoke Invisibility


You were on level 3 of the Dungeon.
You visited 1 branch of the dungeon, and saw 3 of its levels.

You collected 182 gold pieces.

Inventory:

Hand Weapons
 a - a +0 war axe (weapon)
Missiles
 d - 3 throwing nets (quivered)
 e - 7 javelins
Armour
 b - a +0 leather armour (worn)
 c - a +0 hat (worn)
 q - a scarf of invisibility (worn)
Jewellery
 h - a ring of magical power (left hand)
 p - an amulet of the acrobat (around neck)
Scrolls
 f - 3 scrolls of identify {unknown}
 g - a scroll of amnesia {unknown}
 k - 3 scrolls of fog {unknown}
 m - 3 scrolls of summoning {unknown}
 o - a scroll of torment {unknown}
 r - a scroll of teleportation {unknown}
Potions
 l - a potion of curing {unknown}
 n - a potion of lignification {unknown}


   Skills:
 - Level 2.0 Fighting
 * Level 5.3 Axes
 - Level 2.0 Throwing
 * Level 2.0 Armour
 - Level 3.2 Dodging


You had 3 spell levels left.
You didn't know any spells.
Your spell library was empty.

Dungeon Overview and Level Annotations

Branches:
Dungeon (3/15)

Altars:

Shops:
D:1 [(([:   D:2 =   D:3 *


Innate Abilities, Weirdness & Mutations

You have a beak for a mouth.
You have claws for feet.


Message History

You hit the plant. The adder bites you.
Your unstable footing causes you to fumble your attack.
A nearby plant withers and dies.
The adder completely misses you. The adder closely misses you.
You miss the adder.
The adder is moderately wounded.
The adder bites you.
You are poisoned.
The adder poisons you! The adder completely misses you.
Your unstable footing causes you to fumble your attack.
You feel sick. The adder bites you but does no damage.
You miss the adder. Your kick misses the adder.
The adder is moderately wounded.
You feel sick. The adder bites you.
You are more poisoned.
The adder poisons you! The adder closely misses you.
Your unstable footing causes you to fumble your attack.
You feel very sick.
The gnoll shouts!
The adder bites you.
You are too injured to fight recklessly!
You are too injured to fight recklessly!
You are too injured to fight recklessly!
You are too injured to fight recklessly!
You are too injured to fight recklessly!
You are too injured to fight recklessly!
Unknown command.
Your unstable footing causes you to fumble your attack.
You feel sick. The adder bites you. x2
* * * LOW HITPOINT WARNING * * *
Unknown command.
* * * LOW HITPOINT WARNING * * *
You feel sick. The adder completely misses you.
It was a potion of haste.
You feel yourself speed up.
You feel sick. The adder bites you.
* * * LOW HITPOINT WARNING * * *
The adder closely misses you.
It was a potion of brilliance.
You feel clever all of a sudden.
You die...

#############
............#
..!)........#
~~~~~~~~....#
≈≈≈≈≈≈≈S@...#
≈#####≈~....#
#o #≈~....#
#≈~P...#
###~~....#
#.~≈~....#
#.~≈~..P.#
#.~≈~....#
#.~~~....#


You could see an adder.

Vanquished Creatures
  2 gnolls (D:3)
  An adder (D:3)
  A dart slug (D:2)
  2 worms
  A ball python (D:3)
  6 bats
  8 endoplasms
  2 giant cockroaches
  3 goblins
  5 hobgoblins
  13 jackals
  6 frilled lizards
  3 kobolds
  6 rats
  A spectral goblin (D:2)
60 creatures vanquished.

Notes
Turn   | Place    | Note
-------+----------+-------------------------------------------
     0 | D:1      | Kurtz the Tengu Gladiator began the quest for the Orb.
     0 | D:1      | Reached XP level 1. HP: 12/12 MP: 2/2
   138 | D:1      | Reached XP level 2. HP: 17/17 MP: 3/3
   151 | D:1      | Found Byiju's Weapon Emporium.
   160 | D:1      | Found Quar's Antique Armour Shoppe.
   166 | D:1      | Reached skill level 4 in Axes
   347 | D:1      | Found Ibock's Armour Shop.
   481 | D:1      | Reached skill level 1 in Armour
   537 | D:1      | Found Aluqaix's Book Boutique.
   586 | D:1      | Found Oxaxiamo's Weapon Shoppe.
   743 | D:2      | Reached XP level 3. HP: 21/21 MP: 4/4
   989 | D:2      | Found Cimaaj's Jewellery Shoppe.
  1218 | D:2      | Found a faded altar of an unknown god.
  1551 | D:3      | Reached XP level 4. HP: 16/26 MP: 5/5
  1714 | D:3      | Reached skill level 5 in Axes
  2034 | D:3      | Found Ynevit's Assorted Antiques.
  2082 | D:3      | HP: 1/26 [adder (3)]
  2083 | D:3      | Succumbed to an adder's poison

Illustrated notes

Levels and vault maps discovered:
D:1:      dpeg_arrival_windows_large_door, layout_basic, serial_shops, shop,
          shop_statue, shop, shop, nicolae_lakefront_shop
D:2:      layout_loops_ring, dreamdust_ecumenical_altar_drowned_temple,
          serial_shops, nicolae_shop_gaudy_bauble
D:3:      lemuel_castle_with_subvaults [lemuel_castle_interior_original],
          layout_loops_ring, serial_shops, nicolae_shop_pleasant_corner_grove,
          shop_fountains, shop

Skill      XL: |  1  2  3  4 |
---------------+-------------+-----
Axes           | 4 5 |  5.3
Armour         | 1 2 |  2.0
Fighting       | |  2.0
Throwing       | |  2.0
Dodging        | |  3.2

Action                     |  1- 3 |  4- 6 || total
---------------------------+-------+-------++-------
  Melee: War axe           |    78 |    37 ||   115
         Peck              |    13 |     5 ||    18
         Kick              |    16 |    11 ||    27
    Use: Potion            |       |     2 ||     2
   Stab: Sleeping          |     3 |     1 ||     4
 Armour: Leather armour    |    24 |     6 ||    30
  Dodge: Dodged            |    48 |    26 ||    74
